Map: Cactus Valley LE (Void)

Players

Serral

  • Race: Zerg Zerg
  • Spawn Location: 11:00

SpeCial - Winner!

  • Race: Terran Terran
  • Spawn Location: 5:00

Event: WCS Austin 2017

VOD

Have the link to the VOD?

Description

Time

  • Played on: April 29, 2017, 8:01 p.m.
  • Length: 17:37

All games in this series

Show
View Real Time Build Order
Export as new Build Order

Serral Zerg 

Build Orders: Pool First, Muta Ling Bane 

Get SALT Encoding   

  12  0:00  Drone  
  13  0:13  Overlord  
  13  0:18  Drone  
  14  0:31  Drone x2  
  14  0:35  Drone  
  17  0:45  Extractor  
  17  0:48  Drone  
  17  0:50  Spawning Pool  
  17  0:56  Drone  
  17  1:07  Drone  
  18  1:20  Hatchery  
  18  1:23  Drone  
  18  1:28  Drone  
  19  1:38  Queen  
  21  1:41  Zergling x2  
  22  1:48  Metabolic Boost  
  22  1:54  Overlord  
  22  2:14  Drone x2, Queen  
  27  2:22  Drone  
  27  2:31  Drone  
  27  2:32  Queen  
  30  2:43  Drone x2  
  31  2:52  Pneumatized Carapace  
  31  2:53  Overlord  
  31  2:54  Drone x4  
  35  3:09  Hatchery  
  35  3:11  Drone  
  35  3:13  Zergling x2  
  35  3:15  Zergling x2  
  37  3:20  Drone  
  37  3:22  Zergling x2  
  37  3:26  Queen  
  41  3:30  Overlord  
  41  3:32  Drone  
  41  3:34  Drone  
  43  3:36  Drone  
  43  3:41  Drone  
  44  3:48  Overlord  
  44  3:51  Overlord  
  44  3:55  Overlord  
  44  3:57  Zergling x8  
  44  3:59  Drone  
  49  4:05  Queen  
  49  4:06  Drone  
  49  4:09  Drone  
  54  4:10  Drone  
  54  4:13  Baneling Nest  
  53  4:19  Lair  
  53  4:20  Extractor  
  53  4:23  Drone  
  53  4:24  Drone  
  54  4:26  Drone  
  55  4:35  Spore Crawler  
  55  4:36  Spore Crawler  
  54  4:38  Drone x2  
  54  4:40  Drone  
  57  4:47  Drone x3  
  59  4:53  Zergling x6  
  59  4:58  Overlord  
  62  5:01  Drone x3  
  62  5:04  Drone x2  
  66  5:08  Extractor  
  66  5:12  Overlord  
  65  5:15  Drone x2  
  65  5:20  Drone x4  
  70  5:24  Spire, Extractor  
  68  5:30  Drone  
  68  5:31  Drone x2  
  68  5:32  Spore Crawler  
  67  5:39  Drone x2  
  67  5:41  Drone  
  67  5:42  Drone x2  
  69  5:48  Drone x4  
  73  5:52  Drone  
  73  5:53  Drone x2  
  73  5:55  Overlord  
  76  5:58  Queen  
  76  6:02  Evolution Chamber  
  76  6:03  Drone  
  78  6:06  Drone x2  
  78  6:11  Drone x3  
  83  6:15  Overlord  
  83  6:19  Zergling x4  
  83  6:20  Centrifical Hooks  
  84  6:26  Overlord  
  84  6:34  Zerg Ground Armor Level 1, Extractor x2  
  84  6:39  Mutalisk x4  
  90  6:45  Evolution Chamber  
  90  6:46  Overlord  
  89  6:47  Mutalisk  
  89  6:49  Drone x3  
  89  6:50  Drone x2  
  89  6:52  Drone  
  97  6:59  Zergling x4  
  97  7:00  Zergling x4  
  101  7:04  Zergling x4  
  101  7:08  Drone  
  104  7:12  Zergling x2  
  104  7:13  Zergling x4  
  107  7:15  Baneling  
  107  7:16  Baneling x6  
  107  7:18  Zerg Melee Weapons Level 1  
  107  7:22  Hatchery  
  106  7:23  Overlord  
  106  7:30  Zergling x2, Baneling x2  
  106  7:31  Zergling x14  
  106  7:33  Baneling  
  106  7:34  Baneling x2  
  106  7:36  Hatchery  
  108  7:43  Zergling x8  
  108  7:44  Zergling x2  
  110  7:50  Overlord  
  110  7:57  Overlord  
  110  7:59  Zerg Flyer Weapons Level 1  
  110  8:00  Mutalisk x6  
  110  8:02  Zergling x2  
  110  8:03  Zergling x2  
  124  8:08  Baneling x4  
  124  8:09  Baneling  
  124  8:15  Queen  
  124  8:19  Zergling x2  
  122  8:20  Zergling x12  
  122  8:24  Overseer  
  126  8:38  Hatchery  
  126  8:41  Queen  
  125  8:42  Zergling x2  
  125  8:43  Zergling x14  
  125  8:46  Zerg Ground Armor Level 2  
  133  8:59  Mutalisk x3  
  133  9:00  Mutalisk x3  
  136  9:06  Zergling x8  
  136  9:07  Zergling x4  
  136  9:08  Baneling x4  
  136  9:09  Baneling  
  137  9:12  Drone x4  
  141  9:20  Zerg Melee Weapons Level 2  
  141  9:21  Drone x3  
  144  9:30  Queen  
  145  9:32  Extractor  
  145  9:33  Drone  
  145  9:36  Overlord  
  145  9:37  Overlord x3  
  145  9:46  Baneling  
  145  9:48  Baneling x5  
  145  9:54  Drone  
  145  9:55  Zergling x14  
  145  9:56  Zergling x8  
  155  10:00  Baneling x4  
  155  10:01  Baneling x4  
  155  10:05  Zergling x2  
  155  10:06  Zergling x8  
  161  10:07  Zergling x2  
  160  10:14  Mutalisk x2  
  160  10:15  Mutalisk x2  
  167  10:30  Mutalisk x4  
  167  10:31  Mutalisk  
  167  10:32  Zergling x2  
  167  10:33  Zergling x10  
  164  10:37  Baneling  
  164  10:38  Baneling x7  
  160  10:45  Zergling x16  
  160  10:46  Zergling x2  
  160  10:49  Baneling x3  
  166  10:50  Baneling x3  
  166  10:53  Queen  
  166  10:58  Mutalisk x2  
  170  11:07  Mutalisk x2  
  170  11:09  Drone  
  170  11:10  Drone x2  
  173  11:15  Zergling x8  
  173  11:21  Baneling x3  
  154  11:27  Zergling x2  
  154  11:28  Zergling x14  
  151  11:33  Baneling x3  
  151  11:34  Baneling x5  
  151  11:35  Zergling x8  
  155  11:44  Mutalisk x4  
  162  11:47  Baneling x4  
  162  11:57  Zergling x8  
  166  12:06  Zergling x26  
  166  12:07  Zergling x4  
  181  12:13  Hatchery  
  174  12:22  Zergling x2  
  171  12:23  Zergling x8  
  171  12:24  Baneling  
  171  12:25  Baneling x7  
  171  12:27  Zergling x2  
  168  12:36  Zergling x6  
  168  12:37  Zergling x4  
  162  12:45  Zergling x2  
  162  12:46  Zergling x8, Hatchery  
  162  12:48  Baneling x4  
  166  13:00  Zergling x8  
  166  13:01  Overlord  
  170  13:05  Baneling x6  
  170  13:06  Baneling x5  
  170  13:09  Baneling x4  
  170  13:10  Baneling x2  
  170  13:22  Zergling x2  
  170  13:23  Zergling x20  
  170  13:26  Zerg Flyer Weapons Level 2  
  181  13:30  Zergling x8  
  168  13:51  Zergling x2  
  168  13:52  Zergling x24  
  168  13:54  Hatchery  
  162  14:03  Zergling x2  
  162  14:04  Zergling x8  
  154  14:13  Zergling x2  
  154  14:14  Zergling x6  
  156  14:23  Mutalisk x4  
  159  14:32  Mutalisk x4  
  163  14:44  Mutalisk x4  
  163  14:45  Mutalisk  
  173  14:51  Overlord x2  
  171  14:54  Baneling x3  
  171  14:55  Baneling x4  
  171  14:59  Baneling x3  
  171  15:00  Baneling x2  
  132  15:16  Zergling x6  
  132  15:17  Zergling x18  
  118  15:29  Zergling x18  
  123  15:46  Zergling x6  
  126  15:53  Hatchery  
  126  15:55  Zergling x2  
  126  15:56  Zergling x8  
  128  16:13  Zergling x2  
  128  16:14  Zergling x10  
  132  16:25  Mutalisk x4  
  138  16:37  Baneling x2  
  138  16:42  Zergling x6  
  138  16:43  Zergling x4  
  124  17:01  Drone, Spore Crawler  
  124  17:02  Drone x7  
  130  17:20  Baneling  
  130  17:21  Baneling x7  
Show
View Real Time Build Order
Export as new Build Order

SpeCial Terran - Winner!

Build Orders: Reaper Expand, Bio Mine 

Get SALT Encoding   

  12  0:00  SCV  
  13  0:12  SCV  
  14  0:17  Supply Depot  
  14  0:24  SCV  
  15  0:29  Refinery  
  15  0:39  SCV  
  16  0:44  Barracks  
  16  0:51  SCV  
  17  1:03  SCV  
  18  1:15  SCV  
  19  1:31  Reaper, Orbital Command  
  20  1:43  Command Center  
  20  1:53  Factory  
  20  1:57  SCV  
  21  2:07  Supply Depot, Barracks Reactor  
  21  2:10  SCV  
  21  2:15  Refinery  
  22  2:22  SCV  
  23  2:34  SCV  
  24  2:45  Starport  
  24  2:46  SCV  
  24  2:49  Hellion x2  
  29  2:55  Barracks Tech Lab  
  26  2:58  SCV, Orbital Command  
  30  3:10  SCV  
  35  3:22  Widow Mine x2  
  35  3:23  Medivac  
  35  3:24  SCV  
  35  3:26  SCV  
  39  3:27  Marine  
  39  3:33  Supply Depot  
  40  3:36  SCV  
  40  3:38  SCV  
  42  3:48  SCV  
  42  3:50  SCV  
  42  3:53  Hellion  
  42  3:55  Hellion  
  47  3:56  Supply Depot  
  47  4:00  SCV  
  47  4:01  Raven  
  50  4:03  Supply Depot  
  50  4:04  SCV  
  51  4:13  SCV  
  51  4:16  Supply Depot, SCV  
  53  4:23  Command Center  
  53  4:25  SCV  
  53  4:28  SCV  
  53  4:30  Marine x2  
  57  4:37  SCV  
  58  4:40  SCV  
  59  4:47  Marine  
  59  4:48  Marine  
  59  4:49  Engineering Bay x2, SCV  
  62  4:54  SCV  
  61  5:01  SCV  
  61  5:06  SCV  
  61  5:10  Factory Reactor  
  61  5:13  Barracks, SCV  
  62  5:14  Barracks  
  62  5:16  Terran Infantry Armor Level 1, Terran Infantry Weapons Level 1  
  62  5:18  SCV  
  62  5:19  Marine  
  64  5:21  Stimpack  
  64  5:23  Refinery  
  64  5:25  Refinery, SCV  
  65  5:30  SCV  
  66  5:37  Marine  
  66  5:38  Starport Reactor  
  66  5:40  Barracks  
  66  5:42  Barracks  
  67  5:43  SCV  
  64  5:53  SCV  
  64  5:54  Orbital Command  
  64  5:55  Marine, SCV  
  61  6:02  Marine x2  
  63  6:05  SCV  
  63  6:07  SCV  
  63  6:08  Factory Reactor, Barracks  
  63  6:09  Barracks  
  63  6:10  Marine x2  
  67  6:13  Marine  
  67  6:14  Orbital Command  
  67  6:17  Medivac, SCV  
  67  6:18  Medivac  
  73  6:19  Marine x2, SCV  
  76  6:28  Marine x2  
  76  6:29  Barracks Reactor x2  
  76  6:31  Marine, SCV x2  
  81  6:37  Marine x2  
  83  6:41  SCV  
  83  6:43  SCV  
  85  6:47  Marine  
  85  6:48  SCV  
  85  6:51  Supply Depot  
  85  6:52  Supply Depot  
  85  6:56  Missile Turret  
  85  6:58  Barracks Reactor, Barracks Tech Lab  
  85  7:03  Armory  
  85  7:04  Missile Turret  
  85  7:08  Missile Turret  
  85  7:13  Widow Mine, Medivac x2, Marine x9, SCV  
  85  7:15  Supply Depot  
  101  7:16  Supply Depot, Widow Mine  
  101  7:20  SCV x2  
  101  7:21  Supply Depot  
  105  7:24  Marine  
  105  7:25  Supply Depot  
  105  7:26  Combat Shields  
  105  7:29  SCV  
  107  7:30  Marine x2  
  107  7:36  Marine x2  
  111  7:43  SCV  
  109  7:44  Marine x3  
  109  7:46  Marine  
  109  7:48  Widow Mine, Medivac x2  
  109  7:49  Widow Mine  
  121  7:52  Terran Infantry Weapons Level 2  
  121  7:53  Marine x2  
  121  7:54  Marine x3  
  121  7:55  Marine x3  
  121  7:58  Terran Infantry Armor Level 2  
  129  8:02  Marine  
  129  8:03  Supply Depot  
  129  8:05  Supply Depot  
  130  8:06  Marine x2  
  130  8:07  Marine  
  133  8:15  Marine  
  133  8:19  Medivac x2  
  138  8:22  Marine  
  138  8:23  Marine x2  
  138  8:26  Widow Mine x2  
  144  8:27  Marine  
  144  8:30  Marine  
  144  8:31  Marine  
  144  8:33  Marauder, Marine x3  
  151  8:39  Marine  
  151  8:40  Marine x2  
  141  8:48  Barracks  
  141  8:49  Refinery  
  141  8:50  Marine x3  
  142  8:55  Command Center  
  142  9:02  Marine  
  143  9:06  Marine  
  143  9:07  Marine x2  
  130  9:10  Marine x2  
  130  9:11  Marauder, Marine x5  
  130  9:12  Medivac x2  
  130  9:16  Refinery  
  141  9:17  Factory  
  141  9:20  Marine  
  140  9:24  Marine x2  
  140  9:25  Marine  
  140  9:27  Widow Mine x2  
  140  9:28  Marine x4  
  140  9:30  Marine x2  
  150  9:33  SCV x3  
  150  9:36  Sensor Tower  
  153  9:40  Supply Depot x2  
  153  9:42  Supply Depot  
  153  9:43  Marine x2  
  153  9:44  Marine x2  
  157  9:46  Barracks Reactor  
  156  9:54  Marine  
  157  10:01  Widow Mine x2, Marine x2  
  157  10:02  Marauder x2, Marine x2  
  169  10:08  Factory Tech Lab  
  169  10:10  Marine  
  169  10:14  Planetary Fortress  
  169  10:15  Missile Turret, Marine  
  169  10:18  Marine x2  
  169  10:20  Marine x2  
  174  10:21  Marine  
  174  10:22  Marine x2  
  174  10:23  Marauder  
  174  10:24  Marine  
  174  10:26  Missile Turret  
  174  10:28  Marine  
  179  10:29  Widow Mine  
  179  10:30  Widow Mine  
  179  10:31  Marine  
  181  10:36  Widow Mine  
  181  10:37  Concussive Shells  
  181  10:40  Marine  
  181  10:41  Marauder  
  178  10:44  Marine x3  
  178  10:45  Marauder  
  178  10:46  Medivac x2  
  183  10:50  Drilling Claws  
  183  10:55  Marine x2  
  183  10:57  Marine  
  185  10:58  Widow Mine x2, Marine  
  185  11:02  Terran Infantry Weapons Level 3, Marauder, Terran Infantry Armor Level 3  
  185  11:03  Marine  
  194  11:04  Marine x2  
  194  11:07  Marine  
  196  11:15  Marine  
  196  11:18  Marine  
  169  11:29  Marauder, Marine  
  169  11:32  Thor, Widow Mine  
  171  11:38  Marauder, Marine x4  
  183  11:40  Marine x2  
  183  11:43  Marine  
  180  11:49  Marine  
  180  11:51  Marauder  
  180  11:53  Command Center, Terran Vehicle Weapons Level 1  
  183  11:54  Marine  
  183  11:58  Marine  
  183  12:00  Marauder  
  187  12:02  Widow Mine x2  
  187  12:04  Marine x2  
  187  12:05  Marine x2  
  187  12:06  Marine  
  196  12:11  Marine  
  196  12:13  Marine  
  196  12:17  Marine  
  196  12:20  Marauder, Marine x2  
  196  12:21  Marauder  
  180  12:30  Medivac x2  
  180  12:31  Marine x2  
  179  12:37  Marine x3  
  179  12:42  Marauder x2  
  179  12:43  Widow Mine x2  
  179  12:44  Thor  
  192  12:46  Marine x2  
  189  12:51  Marine  
  189  12:53  Unknown x2  
  189  12:55  Marine x3  
  193  13:00  Missile Turret  
  193  13:02  Missile Turret  
  193  13:03  Missile Turret  
  192  13:07  Marine  
  192  13:08  Marine  
  192  13:11  Marine  
  195  13:22  Command Center  
  195  13:26  Marine  
  196  13:29  Marine x2  
  196  13:30  Medivac  
  196  13:32  Medivac, Marine  
  195  13:34  Widow Mine  
  177  13:42  SCV x3  
  177  13:43  Marauder  
  177  13:44  Marine  
  177  13:45  Marine  
  177  13:46  Marine  
  185  13:54  SCV  
  186  13:56  Marine x2  
  186  13:57  Marauder, Marine  
  189  14:04  Marine  
  189  14:05  Marauder  
  189  14:07  Factory Reactor  
  190  14:12  Marine x2  
  191  14:21  Marine  
  191  14:22  Marauder  
  192  14:34  Unknown x2  
  192  14:35  Unknown  
  192  14:38  Supply Depot  
  192  14:43  Marauder  
  183  15:08  Marauder  
  183  15:13  Marauder  
  133  15:24  Marine x6  
  133  15:25  Marine x2  
  133  15:26  Medivac x2  
  133  15:27  Thor, Widow Mine x2  
  151  15:28  Marine  
  151  15:29  Marauder, Marine  
  151  15:35  Marauder  
  155  15:37  Engineering Bay  
  155  15:40  SCV x3  
  155  15:42  Marine x7  
  162  15:43  Marine  
  162  15:49  Marine x2  
  166  15:51  Marauder  
  166  15:52  SCV  
  166  15:56  Marauder  
  171  16:00  Marine x4  
  171  16:02  SCV x2  
  172  16:07  Widow Mine x2  
  172  16:10  Thor  
  182  16:12  Marauder  
  182  16:15  Marine x2  
  182  16:16  Marine x3  
  182  16:18  Marauder  
  191  16:20  Medivac x2  
  191  16:21  Marine  
  196  16:27  Planetary Fortress  
  196  16:32  Missile Turret  
  196  16:33  Missile Turret, Marauder  
  196  16:38  Marine  
  199  16:43  Missile Turret  
  199  16:46  Marine  
  200  16:52  Unknown  
  200  16:56  Marine  
  200  16:59  Marine x2  
  200  17:00  Marauder  
  194  17:06  Marine x2  
  194  17:07  Widow Mine x2, Marauder  
  198  17:14  Marine  
  199  17:22  Starport  
Tags
 
Add a new tag
Caveats
  • Supply blocks, unpowered buildings, or Contaminate may cause inaccurate times.
  • Supply counts are checked every 10 seconds.